 Dungeon Crawl Stone Soup version 0.29-a0-493-g10c3c7b (webtiles) character file.

Game seed: 5980951942176255109

15208 Toastz the Slicer (level 11, -1/56 HPs)
             Began as a Spriggan Enchanter on May 27, 2022.
             Was a High Priest of Zin.
             Slain by a komodo dragon (5 damage)
             ... on level 3 of the Lair of Beasts.
             The game lasted 00:49:22 (16100 turns).

Toastz the Slicer (Spriggan Enchanter)             Turns: 16100, Time: 00:49:23

Health: -1/56      AC: 12    Str:  6    XL:     11   Next: 98%
Magic:  17/21      EV: 19    Int: 17    God:    Zin [*****.]
Gold:   714        SH:  5    Dex: 18    Spells: 7/22 levels left

rFire   + + +      SeeInvis +   a - +7 dagger of the Fray {vorpal, *Slow rPois rF+++}
rCold   . . .      Faith    .   S - +0 buckler
rNeg    . . .      Spirit   .   D - +0 acid dragon scales
rPois   +          Reflect  .   x - +0 hat
rElec   .          Harm     .   A - +0 cloak
rCorr   +          Rampage  .   (gloves unavailable)
Will    ++...                   (boots unavailable)
Stlth   ++++......              (no amulet)
HPRegen 0.18/turn               m - +4 ring of protection
MPRegen 0.17/turn               E - ring of willpower

@: very quick
A: very small, no large weapons, unfitting armour, see invisible, speed 3
a: Renounce Religion, Recite, Vitalisation, Imprison, Sanctuary, Donate Gold


You were on level 3 of the Lair of Beasts.
You worshipped Zin.
Zin was extremely pleased with you.
You visited 2 branches of the dungeon, and saw 14 of its levels.

You collected 793 gold pieces.
You donated 79 gold pieces to Zin.

Inventory:

Hand Weapons
 a - the +7 dagger of the Fray (weapon) {vorpal, *Slow rPois rF+++}
   (You found it on level 5 of the Dungeon)

   It inflicts extra damage upon your enemies.
   rF:        It renders you almost immune to fire.
   rPois:     It protects you from poison.
   *Slow:     It may slow you when you take damage.
 b - a +0 dagger of holy wrath
 u - a +0 rapier
 K - a +1 dagger of venom
Missiles
 d - 2 throwing nets
 f - 56 poisoned darts (quivered)
 r - 374 stones
 J - a boomerang of dispersal
 M - 2 curare-tipped darts
Armour
 x - a +0 hat (worn)
 A - a +0 cloak (worn)
 D - +0 acid dragon scales (worn)
 S - a +0 buckler (worn)
 T - an orb of light
Jewellery
 m - a +4 ring of protection (left hand)
 E - a ring of willpower (right hand)
 L - the ring "Colido" {rPois rF+ rN+ Str+6}
   (You found it on level 9 of the Dungeon)

   [ring of strength]

   Str:       It affects your strength (+6).
   rF:        It protects you from fire.
   rPois:     It protects you from poison.
   rN:        It protects you from negative energy.
 O - a ring of resist corrosion
Wands
 p - a wand of paralysis (4)
 I - a wand of iceblast (7)
 R - a wand of charming (4)
 U - a wand of digging (6)
Scrolls
 h - 2 scrolls of enchant armour {unknown}
 i - 8 scrolls of teleportation
 j - 3 scrolls of amnesia
 k - 4 scrolls of enchant weapon
 l - 2 scrolls of blinking
 t - a scroll of immolation
 v - 3 scrolls of brand weapon
 w - a scroll of poison {unknown}
 y - a scroll of summoning {unknown}
 z - a scroll of fog {unknown}
 C - a scroll of silence {unknown}
 N - a scroll of fear {unknown}
 W - a scroll of identify
Potions
 c - 3 potions of invisibility
 e - 4 potions of heal wounds
 g - 3 potions of degeneration {unknown}
 n - a potion of berserk rage {unknown}
 o - 6 potions of curing
 q - 2 potions of mutation {unknown}
 s - a potion of magic {unknown}
 B - 2 potions of lignification {unknown}
 F - a potion of haste {unknown}
 G - 3 potions of flight {unknown}
 H - a potion of resistance {unknown}
 P - 4 potions of attraction {unknown}
 Q - a potion of cancellation {unknown}
 V - a potion of experience {unknown}


   Skills:
 - Level 6.0 Fighting
 - Level 10.0 Short Blades
 - Level 4.0 Armour
 - Level 8.0 Dodging
 - Level 10.0 Stealth
 - Level 6.0 Spellcasting
 - Level 4.0 Conjurations
 + Level 9.6 Hexes
 - Level 2.0 Ice Magic
 + Level 6.7 Invocations


You had 7 spell levels left.
You knew the following spells:

 Your Spells              Type           Power      Damage    Failure   Level
a - Ensorcelled Hibernat  Hex/Ice        48%        N/A       8%          2
b - Confusing Touch       Hex            37%        N/A       3%          3
c - Tukima's Dance        Hex            37%        N/A       3%          3
d - Dazzling Flash        Conj/Hex       56%        N/A       10%         3
e - Cause Fear            Hex            18%        N/A       11%         4

Your spell library contained the following spells:

 Spells                   Type           Power      Damage    Failure   Level
 Magic Dart               Conj           72%        1d6       11%         1
 Inner Flame              Hex/Fire       21%        N/A       22%         3
 Foxfire                  Conj/Fire      44%        2x1d6     24%         1
 Freeze                   Ice            44%        1d6       24%         1
 Necrotize                Necr           20%        1d5       47%         1
 Conjure Flame            Conj/Fire      11%        6-21      56%         3
 Frozen Ramparts          Ice            22%        1d4       56%         3
 Ozocubu's Armour         Ice            11%        N/A       56%         3
 Call Imp                 Summ           5%         N/A       63%         2
 Passwall                 Tmut/Erth      4%         N/A       63%         2
 Poisonous Vapours        Pois/Air       10%        N/A       63%         2
 Mephitic Cloud           Conj/Pois/Air  9%         N/A       67%         3
 Hailstorm                Conj/Ice       15%        3d5       83%         4
 Swiftness                Air            5%         N/A       85%         3
 Vampiric Draining        Necr           5%         2d6       85%         3
 Flame Wave               Conj/Fire      11%        2d5       93%         4
 Corpse Rot               Necr/Pois/Air  5%         N/A       99%         4
 Agony                    Necr           5%         N/A       100%        5
 Ozocubu's Refrigeration  Ice            5%         4d6       100%        7
 Discord                  Hex            18%        N/A       100%        8


Dungeon Overview and Level Annotations

Branches:
Dungeon (11/15)            Temple (0/1) D:7            Lair (3/6) D:8
    Orc (0/2) D:9
  Swamp: Lair:2-4    Shoals: Lair:2-4     Snake: Lair:2-4    Spider: Lair:2-4

Altars:
Ashenzari
Cheibriados
Gozag
Kikubaaqudgha
Makhleb
Okawaru
Yredelemnul
Zin
The Shining One

Shops:
D:3 :   D:5 (


Innate Abilities, Weirdness & Mutations

You are very small and have problems with some larger weapons.
You are too small for most types of armour.
You have supernaturally acute eyesight. (SInv)
You cover ground extremely quickly. (Speed+++)


Message History

The helpless yak fails to defend itself.
You perforate the yak like a sieve!!!!
You kill the yak!
Training target 8.0 for Dodging reached!
Your Dodging skill increases to level 8!
W - a scroll of identify Zin will no longer cleanse your potions of mutation.
Magic restored.
r - 374 stones (gained 24)
You open the door.
There is an open door here.
Found a stone staircase leading up.
There is a stone staircase leading up here.
A komodo dragon comes into view.
Found an escape hatch in the ceiling.
Found a stone staircase leading down.
The komodo dragon hisses angrily.
The komodo dragon completely misses you.
You hit the komodo dragon.
The komodo dragon is lightly wounded.
The komodo dragon closely misses you.
Casting: Ensorcelled Hibernation (safe; 8% risk of failure)
Confirm with . or Enter, or press ? or * to list all spells.
Aiming: Ensorcelled Hibernation (safe; 8% risk of failure)
Press: ? - help, Shift-Dir - straight line, f - komodo dragon
Aim: a komodo dragon (lightly wounded, chance to affect: 37%)
The komodo dragon easily resists.
The komodo dragon bites you!!
You completely miss the komodo dragon.
The komodo dragon is lightly wounded.
Casting: Ensorcelled Hibernation (safe; 8% risk of failure)
Confirm with . or Enter, or press ? or * to list all spells.
Aiming: Ensorcelled Hibernation (safe; 8% risk of failure)
Press: ? - help, Shift-Dir - straight line, f/p - komodo dragon
Aim: a komodo dragon (lightly wounded, chance to affect: 37%)
The komodo dragon easily resists.
The komodo dragon bites you!!
Ouch! That really hurt!
* * * LOW HITPOINT WARNING * * *
You hit the komodo dragon.
The komodo dragon is moderately wounded.
The komodo dragon bites you.
You die...

## ##### #..+##.#P###
#.........<#
#..........## #
#....l@.....# #
#............###########
#...........P##.##.P#PP.
#P..........####........
##...........#.....#.##P
#..........+....##.####
#....>.....####P####
##.#.####.## ### ####
###


You could see a komodo dragon.

Vanquished Creatures
  Erolcha (D:9)
  2 hydras (Lair:2)
  A two-headed ogre (D:9)
  A death yak (Lair:2)
  Pikel (D:7)
  A deep elf pyromancer (D:10)
  A black mamba (Lair:2)
  3 cane toads (Lair:2)
  2 kobold demonologists
  A komodo dragon (D:10)
  A troll (D:9)
  A polar bear (Lair:2)
  Prince Ribbit (D:7)
  A hornet (D:9)
  3 wyverns
  A wraith (D:11)
  19 yaks
  A basilisk (Lair:1)
  8 water moccasins
  An acid dragon (D:7)
  A sky beast (D:8)
  3 orc warriors
  3 black bears
  An ice beast (D:8)
  3 ogres
  A lemure (D:7)
  2 centaurs
  A phantom (D:6)
  7 kobold brigands
  4 bullfrogs
  3 scorpions
  6 gnoll sergeants
  2 necrophages
  3 wights (D:7)
  6 killer bees
  A howler monkey (D:9)
  4 hounds
  A jelly (D:6)
  4 orc priests
  A gnoll shaman (D:10)
  2 scorpion zombies (D:3)
  5 iguanas
  6 orc wizards
  Robin (D:4)
  16 gnolls
  13 adders
  2 shadow imps
  2 white imps
  3 ufetubi
  2 adder zombies (D:3)
  2 worms
  A dart slug (D:4)
  39 orcs
  5 ball pythons
  5 endoplasms
  3 giant cockroaches
  7 goblins
  10 hobgoblins
  7 jackals
  2 quokkas (D:1)
  5 bats
  2 frilled lizards
  26 kobolds
  2 rats
276 creatures vanquished.

Vanquished Creatures (others)
  2 dancing weapons
  44 fungi
  39 plants
  2 withered plants (D:3)
87 creatures vanquished.

Grand Total: 363 creatures vanquished

Notes
Turn   | Place    | Note
-------+----------+-------------------------------------------
     0 | D:1      | Toastz the Spriggan Enchanter began the quest for the Orb.
     0 | D:1      | Reached XP level 1. HP: 9/9 MP: 5/5
   922 | D:1      | Reached XP level 2. HP: 14/14 MP: 6/6
   925 | D:1      | Learned a level 2 spell: Ensorcelled Hibernation
  1626 | D:2      | Reached skill level 1 in Fighting
  1674 | D:2      | Reached XP level 3. HP: 18/18 MP: 8/8
  2153 | D:2      | Reached XP level 4. HP: 22/22 MP: 0/9
  2265 | D:2      | Learned a level 3 spell: Confusing Touch
  3081 | D:2      | Learned a level 3 spell: Tukima's Dance
  3184 | D:3      | Found an iron altar of Okawaru.
  3184 | D:3      | Found a broken altar of Ashenzari.
  3184 | D:3      | Found a glowing silver altar of Zin.
  3184 | D:3      | Found a glowing golden altar of the Shining One.
  3191 | D:3      | Found a burning altar of Makhleb.
  3191 | D:3      | Found a basalt altar of Yredelemnul.
  3213 | D:3      | Became a worshipper of Zin the Law-Giver
  3213 | D:3      | Reached * piety under Zin
  3732 | D:3      | Reached XP level 5. HP: 26/26 MP: 6/10
  3915 | D:3      | Found a faded altar of an unknown god.
  4135 | D:3      | Reached ** piety under Zin
  4237 | D:3      | Found Plog's Book Emporium.
  4535 | D:4      | Reached XP level 6. HP: 32/32 MP: 11/11
  4544 | D:4      | Found an ancient bone altar of Kikubaaqudgha.
  4560 | D:4      | Reached skill level 5 in Short Blades
  4560 | D:4      | Reached skill level 5 in Hexes
  4827 | D:4      | Noticed Robin
  5069 | D:4      | Killed Robin
  5181 | D:4      | Reached XP level 7. HP: 36/36 MP: 12/12
  5249 | D:4      | Reached skill level 5 in Stealth
  5249 | D:4      | Reached skill level 1 in Ice Magic
  5545 | D:4      | Found an opulent altar of Gozag.
  5824 | D:5      | Entered Level 5 of the Dungeon
  5861 | D:4      | Learned a level 3 spell: Dazzling Flash
  6067 | D:5      | Found Itwexeg's Antique Weapon Emporium.
  6343 | D:5      | Reached skill level 1 in Conjurations
  6360 | D:5      | Identified the +7 dagger of the Fray {vorpal, *Slow rPois
                  | rF+++}
  6399 | D:5      | Reached *** piety under Zin
  6934 | D:6      | Reached XP level 8. HP: 21/40 MP: 5/13
  7880 | D:7      | Reached skill level 1 in Invocations
  8056 | D:7      | Noticed Pikel
  8077 | D:7      | Killed Pikel
  8143 | D:7      | Found a staircase to the Ecumenical Temple.
  8304 | D:7      | Reached **** piety under Zin
  8655 | D:7      | Reached XP level 9. HP: 44/44 MP: 10/14
  8829 | D:7      | Noticed Prince Ribbit
  8836 | D:7      | Killed Prince Ribbit
  9399 | D:8      | Found a staircase to the Lair.
  9669 | D:8      | Learned a level 4 spell: Cause Fear
 10303 | D:9      | Identified the ring "Colido" {rPois rF+ rN+ Str+6}
 10316 | D:9      | Reached ***** piety under Zin
 10328 | D:9      | Noticed Erolcha
 10344 | D:9      | Killed Erolcha
 10345 | D:9      | Reached XP level 10. HP: 10/49 MP: 14/17
 10657 | D:9      | Reached skill level 10 in Short Blades
 11262 | D:9      | Noticed a two-headed ogre
 11287 | D:9      | Killed a two-headed ogre
 11558 | D:9      | Found a staircase to the Orcish Mines.
 11795 | D:9      | Reached skill level 10 in Stealth
 12012 | D:9      | Found a snail-covered altar of Cheibriados.
 12106 | D:10     | Entered Level 10 of the Dungeon
 12233 | D:10     | Noticed a deep elf pyromancer
 12424 | D:10     | Killed a deep elf pyromancer
 12607 | D:10     | Reached skill level 5 in Invocations
 12757 | D:10     | HP: 1/51 [yak (9)]
 13064 | D:10     | Reached XP level 11. HP: 44/54 MP: 12/18
 13392 | D:10     | Reached skill level 5 in Fighting
 13837 | Lair:1   | Entered Level 1 of the Lair of Beasts
 14081 | Lair:1   | Reached skill level 5 in Dodging
 15600 | Lair:2   | Reached skill level 5 in Spellcasting
 15645 | Lair:2   | Reached ****** piety under Zin
 15650 | Lair:2   | Noticed a death yak
 15650 | Lair:2   | Noticed a four-headed hydra
 15698 | Lair:2   | Killed a death yak
 15737 | Lair:2   | Noticed an eight-headed hydra
 15749 | Lair:2   | Killed an eight-headed hydra
 15784 | Lair:2   | Killed a four-headed hydra
 16100 | Lair:3   | Slain by a komodo dragon

Illustrated notes

Levels and vault maps discovered:
D:1:      minmay_arrival_radiant_lines, layout_loops_corners,
          kennysheep_pointless_box
D:2:      layout_basic
D:3:      layout_loops_corners, grunt_temple_overflow_open,
          nicolae_ecumenical_oubliette, serial_undead, serial_undead_e,
          serial_undead_d, serial_undead_f, serial_undead_d, serial_shops,
          nicolae_shop_behind_doors, chequers_mini_garden,
          kennysheep_generic_room_7
D:4:      layout_loops_cross, mainiacjoe_overflow_small_starburst,
          mainiacjoe_overflow_catwalk, columned_hall_lemuel, uniq_robin
D:5:      layout_rooms, serial_shops, nicolae_shop_statue_plus
D:6:      layout_basic, kennysheep_nub
D:7:      layout_cave_pods, minmay_temple_entry_statues_fountains,
          uniq_prince_ribbit1, uniq_pikel
D:8:      layout_cave_pools, due_lair_maze_entry_diamond
D:9:      layout_small_grid, nicolae_overflow_hidden_temple,
          kennysheep_orc_monster_closet_entryway, uniq_erolcha
D:10:     layout_cave_pools
D:11:     layout_small_grid, gammafunk_ghost_smash, uniq_grum
Lair:1:   layout_cave_pods, serial_bayou_shore_b, lemuel_fruit_tree
Lair:2:   layout_concentric_octagons, hangedman_lair_generics_rect
Lair:3:   layout_roguey, dummy_snake_entry

Skill      XL: |  1  2  3  4  5  6  7  8  9 10 11 |
---------------+----------------------------------+-----
Short Blades   | 2 3 4 5 6 7 9 10 | 10.0
Fighting       | 1 2 3 4 6 |  6.0
Hexes          | 4 5 6 7 8 9 |  9.6
Stealth        | 6 7 10 | 10.0
Ice Magic      | 1 2 |  2.0
Conjurations   | 1 2 3 4 |  4.0
Invocations    | 3 5 6 |  6.7
Armour         | 2 4 |  4.0
Spellcasting   | 4 6 |  6.0
Dodging        | 4 8 |  8.0

Action                   |  1- 3 |  4- 6 |  7- 9 | 10-12 || total
-------------------------+-------+-------+-------+-------++-------
Melee: Dagger            |    47 |   145 |   263 |   253 ||   708
       Punch             |       |     1 |     2 |     2 ||     5
 Cast: Ensorcelled Hiber |    10 |    37 |    66 |   109 ||   222
       Confusing Touch   |       |     7 |    13 |     4 ||    24
       Tukima's Dance    |       |     4 |     2 |     3 ||     9
       Dazzling Flash    |       |       |     3 |     6 ||     9
       Cause Fear        |       |       |     3 |     3 ||     6
Invok: Recite            |       |       |    14 |     6 ||    20
  Use: Scroll            |       |     2 |     5 |     3 ||    10
 Stab: Sleeping          |    17 |    34 |    35 |    56 ||   142
       Distracted        |     1 |       |       |       ||     1
       Confused          |       |     5 |    12 |     7 ||    24
       Invisible         |       |       |     4 |    10 ||    14
       Fleeing           |       |       |     3 |       ||     3
       Paralysed         |       |       |     1 |     1 ||     2
Armor: Robe              |     4 |    12 |    23 |       ||    39
       Acid dragon scale |       |       |    29 |    48 ||    77
Dodge: Dodged            |    31 |    72 |   149 |   136 ||   388

Table legend: (Time is in decaauts)
 A = Elapsed time spent in this place.
 B = Non-inter-level travel time spent in this place.
 C = Inter-level travel time spent in this place.
 D = Time resting spent in this place.
 E = Time spent auto-exploring this place.
 F = Levels seen in this place.
 G = Mean time per level.
                   A        B        C        D        E       F      G
               +--------+--------+--------+--------+--------+-----+--------+
         Total |  12274 |  11920 |    354 |   4528 |   5102 |  14 |  876.7 |
       Dungeon |  10652 |  10324 |    328 |   4177 |   4093 |  11 |  968.4 |
          Lair |   1622 |   1596 |     26 |    351 |   1009 |   3 |  540.7 |
               +--------+--------+--------+--------+--------+-----+--------+

Top non-repeatable levels by time:
     D:8: 1289 daAuts
     D:1: 1222 daAuts
    D:10: 1185 daAuts
     D:7: 1173 daAuts
     D:3: 1146 daAuts
     D:2: 1126 daAuts
     D:9: 1100 daAuts
  Lair:1: 869 daAuts
     D:4: 863 daAuts
     D:6: 851 daAuts
     D:5: 660 daAuts
  Lair:2: 640 daAuts
  Lair:3: 111 daAuts
    D:11: 33 daAuts
